 Dungeon Sprint DCSS version 0.31-a0-971-g75a2e9a4b4 (webtiles) character file.

Game seed: 17265050896106303028

4 fozzywoppz the Cudgeller (level 1, -1/19 HPs)
             Began as a Minotaur Gladiator on Oct 28, 2023.
             Slain by an ufetubus (3 damage)
             ... in the Dungeon (Sprint IX: "|||||||||||||||||||||||||||||").
             The game lasted 00:00:18 (20 turns).

fozzywoppz the Cudgeller (Minotaur Gladiator)         Turns: 20, Time: 00:00:19

Health: -1/19      AC:  3    Str: 18    XL:     1   Next: 58%
Magic:  0/0        EV: 12    Int:  5    God:
Gold:   0          SH:  0    Dex: 11    Spells: 0/0 levels left

rFire   . . .        a - +0 flail
rCold   . . .        (no shield)
rNeg    . . .        b - +0 leather armour
rPois   .            c - +0 hat
rElec   .            (no cloak)
rCorr   .            (no gloves)
SInv    .            (no boots)
Will    .....        (no amulet)
Stlth   +            (no ring)
HPRegen 0.23/turn    (no ring)
MPRegen 0.07/turn

%: no teleportation
@: no status effects
A: horns 2, retaliatory headbutt
a: no special abilities


You were in the Dungeon.
You visited 1 branch

Inventory:

Hand Weapons
 a - a +0 flail (weapon)
Missiles
 d - 3 throwing nets (quivered)
 e - a javelin
Armour
 b - a +0 leather armour (worn)
 c - a +0 hat (worn)
Scrolls
 k - a scroll of blinking
Potions
 f - a potion of curing
 g - a potion of heal wounds
 h - a potion of haste
 i - 2 potions of magic
 j - a potion of berserk rage


   Skills:
 + Level 3.1 Fighting
 + Level 4.1 Maces & Flails
 + Level 2.5 Throwing
 + Level 3.7 Dodging


You couldn't memorise any spells.
You didn't know any spells.
Your spell library was empty.

Dungeon Overview and Level Annotations

Branches:
Dungeon (1/1)

Altars:


Innate Abilities, Weirdness & Mutations

You have a pair of horns on your head.
You reflexively headbutt those who attack you in melee.


Message History

You sock the ball python!
You kill the ball python!
Your Maces & Flails skill increases to level 4!
You hit the goblin.
You kill the goblin!
Your Fighting skill increases to level 3!
The rat barely misses you.
You see here a +0 dagger.
You closely miss the rat. The rat bites you.
The rat bites you but does no damage.
You sock the rat!
You kill the rat!
You see here a rat corpse.
You open the door.
An ufetubus, an orc, an ice beast, a sleepcap and a scorpion come into view.
The ufetubus shouts!
You miss the ufetubus.
The ufetubus hits you but does no damage.
The ufetubus hits you. The ufetubus slips past you! The ufetubus misses you.
The ufetubus hits you.
You hit the orc.
The orc is moderately wounded.
The ufetubus hits you. The ufetubus barely misses you. The orc misses you.
The ufetubus hits you. The ufetubus barely misses you.
You barely miss the orc.
The orc is moderately wounded.
The ufetubus closely misses you. The ufetubus hits you.
The orc hits you with a +0 dagger. The ufetubus barely misses you.
The ufetubus hits you.
You hit the orc but do no damage. Your headbutt misses the orc.
The orc is moderately wounded.
The orc hits you with a +0 dagger.
* * * LOW HITPOINT WARNING * * *
The ufetubus hits you.
* * * LOW HITPOINT WARNING * * *
The ufetubus closely misses you. The orc misses you. You furiously retaliate!
You headbutt the orc.
The ufetubus hits you but does no damage.
The ufetubus hits you.
You die...

▓.▓
▓.▓
▓.▓
▓†▓
▓)▓
▓†▓
▓.▓
▓5▓
▓@▓
▓o▓
▓Y▓
▓f▓
▓s▓
▓.▓
▓.▓
▓+▓


You could see an ice beast, a sleepcap, a scorpion, an ufetubus and an orc.

Vanquished Creatures
  A goblin (D)
  A hobgoblin (D)
  2 ball pythons (D)
  A rat (D)
5 creatures vanquished.

Notes
Turn   | Place    | Note
-------+----------+-------------------------------------------
     0 | D        | fozzywoppz the Minotaur Gladiator began the quest for the
                  | Orb.
     0 | D        | Reached XP level 1. HP: 18/18 MP: 0/0
     8 | D        | Reached skill level 4 in Maces & Flails
    16 | D        | Noticed an ice beast
    16 | D        | Noticed a sleepcap
    16 | D        | Noticed a scorpion
    20 | D        | Slain by an ufetubus

Illustrated notes

Levels and vault maps discovered:
D:        linesprint [early_d, line_temple, items_1, d_10, items_2, lair_1,
          lair_end, items_3, orc_1, orc_end, items_4, d_15, swamp_1, shoals_1,
          snake_1, spider_1, d_20, vaults_1, items_5, swamp_end, shoals_end,
          snake_end, spider_end, vaults_end, d_27, items_6, zot_1, zot_end,
          crypt_end, forest_end, elf_end, slime_end, tomb_end, abyss_end,
          pan_hell_end]

Skill      XL: |  1 |
---------------+----+-----
Maces & Flails | 4 |  4.1
Fighting       | 3 |  3.1
Throwing       | |  2.5
Dodging        | |  3.7

Action                     || total
---------------------------++-------
  Melee: Flail             ||    10
 Armour: Leather armour    ||    14
  Dodge: Dodged            ||    12

Table legend: (Time is in decaauts)
 A = Elapsed time spent in this place.
 B = Non-inter-level travel time spent in this place.
 C = Inter-level travel time spent in this place.
 D = Time resting spent in this place.
 E = Time spent auto-exploring this place.
 F = Levels seen in this place.
 G = Mean time per level.
                   A        B        C        D        E       F      G
               +--------+--------+--------+--------+--------+-----+--------+
         Total |     21 |     21 |      0 |      0 |      0 |   1 |   21.0 |
       Dungeon |     21 |     21 |      0 |      0 |      0 |   1 |   21.0 |
               +--------+--------+--------+--------+--------+-----+--------+

Top non-repeatable levels by time:
       D: 21 daAuts
